Map: Cyber Forest LE

Players

Rogue - Winner!

  • Race: Zerg Zerg
  • Spawn Location: 11:00

INnoVation

  • Race: Terran Terran
  • Spawn Location: 5:00

Event: IEM Season 13: Katowice (2019)

VOD

Have the link to the VOD?

Description

Time

  • Played on: March 1, 2019, 7:04 a.m.
  • Length: 14:27

All games in this series

Show
View Real Time Build Order
Export as new Build Order

Rogue Zerg - Winner!

Build Orders: Hatch First 

Get SALT Encoding   

  12  0:00  Drone  
  13  0:12  Overlord  
  13  0:17  Drone  
  14  0:30  Drone x2  
  14  0:34  Drone  
  17  0:52  Hatchery  
  17  0:54  Drone  
  17  0:58  Drone  
  18  1:08  Extractor  
  17  1:14  Spawning Pool  
  17  1:17  Drone  
  17  1:20  Drone  
  18  1:28  Drone  
  19  1:38  Overlord  
  19  1:50  Drone  
  20  2:01  Queen  
  20  2:02  Zergling x2  
  20  2:03  Queen  
  20  2:04  Zergling x2  
  26  2:21  Drone  
  27  2:24  Drone, Hatchery  
  27  2:27  Drone  
  28  2:31  Drone  
  28  2:33  Drone  
  28  2:37  Drone  
  31  2:43  Queen  
  33  2:48  Metabolic Boost  
  33  2:54  Overlord  
  33  2:57  Drone  
  34  2:58  Drone  
  34  3:03  Drone  
  37  3:12  Drone  
  37  3:13  Drone x4  
  37  3:18  Queen  
  43  3:22  Overlord  
  43  3:23  Zergling x2  
  44  3:35  Queen  
  44  3:36  Zergling x2  
  44  3:37  Zergling x2  
  44  3:39  Drone  
  49  3:46  Drone x5  
  49  3:47  Drone  
  54  3:52  Overlord  
  54  3:54  Zergling x4  
  56  3:59  Baneling Nest  
  56  4:02  Queen  
  57  4:04  Overlord  
  57  4:11  Drone  
  57  4:12  Drone x4  
  57  4:16  Drone  
  57  4:17  Drone  
  64  4:20  Spore Crawler  
  64  4:23  Overlord  
  63  4:24  Drone x2  
  63  4:28  Drone, Spore Crawler  
  65  4:32  Drone x3  
  65  4:34  Drone x2  
  65  4:37  Drone, Spore Crawler  
  70  4:39  Overlord  
  70  4:41  Drone x2  
  70  4:44  Lair  
  72  4:46  Drone  
  72  4:51  Spore Crawler  
  72  4:54  Extractor  
  72  4:55  Extractor  
  72  4:57  Zergling x10  
  69  5:02  Drone  
  69  5:03  Drone  
  69  5:05  Drone x2  
  70  5:07  Drone x2  
  70  5:08  Drone x2  
  74  5:16  Overlord, Queen  
  74  5:19  Drone x3  
  79  5:22  Evolution Chamber  
  79  5:23  Drone x2, Evolution Chamber  
  79  5:25  Drone x2  
  81  5:31  Overlord  
  81  5:34  Drone  
  81  5:35  Drone x2  
  83  5:41  Drone x2  
  83  5:44  Overseer  
  83  5:46  Centrifical Hooks  
  83  5:52  Extractor, Hatchery  
  83  5:55  Drone  
  83  5:56  Drone x6  
  83  5:57  Drone x2  
  83  5:59  Drone x2  
  83  6:01  Drone  
  88  6:10  Zerg Ground Armor Level 1  
  88  6:11  Zerg Melee Weapons Level 1  
  86  6:12  Zergling x6  
  86  6:18  Overlord  
  86  6:19  Zergling x4  
  88  6:26  Zergling x8  
  92  6:34  Zergling x4  
  92  6:35  Hatchery  
  92  6:36  Hatchery  
  92  6:37  Overlord  
  92  6:38  Overseer  
  92  6:41  Zergling x6  
  92  6:42  Zergling x2  
  92  6:46  Zergling x2  
  97  6:51  Zergling x4  
  97  6:54  Zergling x10  
  101  6:57  Baneling x3  
  101  6:58  Baneling x5  
  101  7:00  Queen  
  106  7:01  Zergling x4  
  106  7:02  Zergling x4  
  106  7:05  Burrow  
  106  7:08  Overlord  
  107  7:12  Zergling x8  
  107  7:13  Queen  
  107  7:21  Drone x5  
  108  7:26  Zergling x6  
  108  7:29  Baneling x3  
  111  7:30  Baneling x5, Overlord  
  111  7:33  Zergling x2  
  111  7:34  Zergling x10  
  114  7:38  Drone x2  
  114  7:43  Drone  
  114  7:44  Drone  
  118  7:45  Hatchery  
  118  7:49  Zergling x2  
  118  7:50  Zergling x10  
  123  7:53  Spore Crawler  
  123  7:58  Zergling x10  
  127  8:01  Drone x3  
  127  8:02  Drone x2  
  131  8:10  Zergling x4  
  131  8:11  Drone x2  
  131  8:12  Queen  
  137  8:20  Zerg Melee Weapons Level 2, Zerg Ground Armor Level 2  
  137  8:21  Queen  
  137  8:22  Zergling x2  
  137  8:23  Zergling x8  
  137  8:25  Zergling x4  
  137  8:26  Overseer  
  143  8:30  Baneling x6  
  143  8:33  Pneumatized Carapace  
  143  8:34  Drone x5  
  143  8:35  Drone  
  143  8:37  Spore Crawler  
  143  8:40  Overlord  
  146  8:44  Zergling x2  
  146  8:45  Zergling x14  
  146  8:46  Zergling x2  
  155  8:52  Overlord, Infestation Pit  
  155  8:54  Zergling x2  
  155  8:55  Zergling x2  
  156  8:57  Baneling x10  
  156  8:58  Baneling x10  
  156  9:09  Spine Crawler  
  155  9:10  Overlord x2  
  153  9:21  Zergling x30  
  153  9:22  Zergling x2  
  164  9:25  Drone  
  164  9:26  Drone x9  
  164  9:29  Drone x6  
  176  9:32  Hive  
  176  9:37  Drone x5  
  175  9:42  Zergling x4  
  173  9:46  Baneling x5  
  173  9:49  Zergling x2  
  173  9:50  Zergling x14  
  173  9:51  Zergling x4  
  173  9:52  Baneling  
  177  9:53  Baneling x2  
  177  9:54  Zergling x2  
  173  10:03  Zergling x2  
  173  10:05  Zergling x22  
  182  10:08  Zergling x2  
  182  10:09  Zergling x2  
  182  10:10  Zergling x2  
  182  10:16  Drone x3, Extractor x2  
  182  10:17  Drone  
  182  10:21  Zergling x20, Hatchery  
  171  10:29  Zergling x2  
  171  10:30  Zergling x16  
  171  10:32  Zergling x4  
  171  10:33  Zergling x2  
  170  10:39  Zergling x12  
  164  10:44  Zergling x2  
  164  10:47  Zergling x20  
  164  10:48  Zergling x8  
  175  10:50  Adrenal Glands  
  175  10:55  Baneling x9  
  174  10:57  Drone x4  
  174  11:03  Zergling x2  
  179  11:04  Zergling x2  
  179  11:06  Zergling x10  
  179  11:08  Zergling x2  
  179  11:09  Zergling x4  
  179  11:10  Baneling  
  179  11:11  Baneling x14, Hatchery  
  187  11:12  Baneling x2  
  187  11:18  Zergling x2  
  186  11:20  Zergling x18  
  186  11:21  Zergling x2  
  186  11:23  Zergling x2  
  186  11:24  Zergling x2  
  186  11:25  Baneling x4  
  190  11:28  Zergling x2  
  190  11:30  Zergling x2  
  190  11:31  Zergling x2  
  190  11:32  Zergling x2  
  189  11:37  Overseer, Zergling x2  
  189  11:38  Zergling x2  
  178  11:40  Zergling x28  
  178  11:43  Zergling x2  
  187  11:49  Zergling x2  
  187  11:50  Zergling x12  
  187  11:53  Zergling x18  
  169  11:56  Zergling x4  
  158  12:08  Zergling x2  
  158  12:09  Zergling x12  
  158  12:10  Zergling x2  
  158  12:11  Zergling x2  
  162  12:16  Drone x4  
  162  12:22  Baneling x10  
  159  12:24  Zergling x8  
  159  12:25  Baneling, Zergling x2  
  159  12:26  Baneling x8  
  162  12:30  Zergling x10  
  159  12:40  Zergling x2  
  159  12:41  Zergling x18  
  149  12:52  Zergling x2  
  149  12:57  Zergling x6  
  149  12:58  Zergling x34  
  154  13:02  Baneling x3, Ultralisk Cavern  
  154  13:03  Baneling x3  
  154  13:04  Baneling x2  
  152  13:07  Baneling  
  152  13:08  Baneling x8  
  152  13:09  Zergling x2  
  152  13:17  Baneling x4  
  152  13:18  Zergling x20  
  160  13:20  Zergling x2  
  160  13:24  Zergling x2  
  160  13:25  Zergling x16  
  154  13:28  Zergling x2  
  154  13:30  Zergling x10  
  152  13:37  Zergling x22  
  152  13:40  Zergling x4  
  154  13:41  Zergling x2  
  154  13:42  Baneling x4  
  154  13:43  Baneling x2  
  154  13:44  Baneling x7  
  154  13:46  Zergling x6  
  157  13:48  Baneling  
  157  13:49  Baneling x7  
  157  13:50  Zergling x2  
  157  13:55  Baneling x6  
  157  13:57  Overseer  
  157  14:02  Zergling x8  
  160  14:03  Zergling x10  
  160  14:04  Zergling x2  
  156  14:11  Hatchery  
Show
View Real Time Build Order
Export as new Build Order

INnoVation Terran 

Build Orders: Gas First Reaper Expand, Hellion Banshee 

Get SALT Encoding   

  12  0:00  SCV  
  13  0:12  SCV  
  14  0:17  Supply Depot  
  14  0:25  SCV  
  15  0:29  Refinery  
  15  0:38  SCV  
  16  0:44  Barracks  
  16  0:50  SCV  
  17  1:02  SCV  
  18  1:15  SCV  
  19  1:31  Orbital Command, Reaper  
  20  1:42  Command Center  
  20  1:53  Factory  
  20  1:57  SCV  
  21  2:05  Barracks Reactor  
  21  2:09  SCV  
  21  2:12  Supply Depot  
  22  2:16  Refinery  
  22  2:21  SCV  
  23  2:34  SCV  
  24  2:43  Starport  
  24  2:46  SCV, Hellion x2  
  29  2:51  Barracks Tech Lab  
  29  2:57  Orbital Command  
  29  3:00  SCV  
  30  3:12  SCV  
  31  3:20  Marine  
  31  3:23  SCV  
  31  3:24  SCV  
  31  3:25  Banshee, Cloaking Field  
  37  3:34  Supply Depot, Hellion  
  39  3:36  SCV  
  39  3:37  SCV  
  39  3:40  Hellion  
  43  3:43  Barracks Tech Lab  
  43  3:49  SCV x2  
  45  3:57  Supply Depot  
  45  4:01  SCV x2  
  47  4:03  Hellion x2  
  47  4:08  Banshee  
  54  4:16  Stimpack  
  54  4:19  SCV x2  
  56  4:28  Command Center  
  56  4:31  SCV x2  
  58  4:38  Supply Depot  
  58  4:39  Factory Reactor  
  58  4:43  SCV x2  
  60  4:48  Barracks  
  60  4:53  Barracks  
  60  4:58  SCV x2  
  60  4:59  Marine  
  63  5:05  Engineering Bay x2  
  63  5:10  SCV  
  63  5:11  SCV  
  63  5:12  Refinery x2  
  65  5:15  Supply Depot  
  65  5:17  Marine  
  66  5:23  SCV x2  
  66  5:27  Starport Reactor  
  66  5:28  Factory Reactor  
  68  5:35  SCV x2  
  66  5:39  Marine x3  
  66  5:41  Terran Infantry Armor Level 1, Terran Infantry Weapons Level 1  
  62  5:43  Orbital Command  
  62  5:47  SCV x2  
  64  5:59  SCV x2  
  64  6:01  Marine x2  
  64  6:02  Marine x3  
  64  6:03  Barracks  
  71  6:06  Medivac x2  
  71  6:07  Barracks  
  75  6:15  SCV x2  
  75  6:16  Widow Mine x2, Combat Shield  
  81  6:19  Marine x2  
  81  6:24  Orbital Command, Supply Depot  
  81  6:25  Marine x3  
  85  6:27  SCV x2  
  88  6:36  Marine x2  
  90  6:40  Factory, Armory  
  90  6:44  SCV x2  
  90  6:45  Marine x3  
  95  6:49  SCV  
  95  6:51  Widow Mine x2  
  100  6:54  Marine  
  100  6:57  Supply Depot  
  100  6:58  Supply Depot  
  100  6:59  Barracks Reactor  
  100  7:00  Supply Depot  
  100  7:01  Barracks Reactor  
  101  7:04  Marine  
  100  7:10  SCV x2  
  100  7:11  SCV  
  97  7:18  Marine  
  97  7:19  Marine x3  
  97  7:21  Marine  
  98  7:23  Widow Mine x2, SCV, Refinery  
  98  7:24  SCV x2  
  105  7:33  Drilling Claws, Command Center  
  105  7:38  SCV x3  
  105  7:39  Terran Infantry Armor Level 2, Terran Infantry Weapons Level 2  
  105  7:40  Terran Vehicle And Ship Armor Level 1  
  105  7:41  Widow Mine  
  110  7:44  Widow Mine  
  110  7:45  Refinery  
  110  7:51  SCV  
  113  7:52  SCV  
  113  7:53  SCV  
  113  7:54  Supply Depot x2  
  113  7:57  Medivac x2  
  119  8:03  SCV  
  119  8:04  SCV  
  119  8:05  Supply Depot, SCV  
  122  8:09  Widow Mine  
  124  8:13  Widow Mine x2  
  124  8:15  SCV  
  124  8:19  Barracks x2  
  126  8:20  Barracks  
  126  8:21  SCV x2  
  126  8:27  SCV  
  126  8:30  Marine x8  
  124  8:41  Widow Mine x3  
  130  8:42  Marauder  
  130  8:46  SCV  
  130  8:47  Marine, SCV x2  
  130  8:48  Marine x3  
  139  8:55  Concussive Shells, Medivac x2  
  143  8:57  Marine x2  
  143  9:01  Planetary Fortress  
  143  9:02  Widow Mine x3  
  151  9:04  SCV x2, Marauder  
  151  9:05  SCV  
  151  9:08  Barracks Tech Lab x2  
  151  9:09  Supply Depot, Barracks Tech Lab  
  154  9:23  Widow Mine  
  154  9:24  Widow Mine x2  
  158  9:25  Medivac x2  
  158  9:30  Marine x3, Marauder x3  
  158  9:31  Marauder  
  163  9:40  Marine x2  
  163  9:45  Widow Mine x3  
  171  9:51  Marauder x2  
  167  9:53  SCV x3, Terran Vehicle And Ship Armor Level 2  
  147  10:04  Terran Infantry Weapons Level 3, Terran Infantry Armor Level 3  
  147  10:05  SCV  
  147  10:06  SCV x2  
  139  10:10  Marauder x2  
  139  10:11  Widow Mine  
  139  10:12  Liberator, Marauder  
  139  10:13  Widow Mine, Liberator  
  143  10:15  Widow Mine  
  143  10:17  SCV  
  143  10:19  SCV x2  
  144  10:29  SCV  
  144  10:35  Marauder x2  
  145  10:42  SCV x3  
  122  10:44  Widow Mine x2  
  122  10:45  Widow Mine  
  123  10:54  SCV x3  
  123  10:56  Supply Depot  
  126  11:02  Marine, Marauder x2  
  131  11:06  Widow Mine x3, SCV x3  
  140  11:12  Medivac  
  140  11:13  Medivac  
  140  11:18  SCV x2  
  132  11:26  Marine x5, Marauder x3  
  132  11:27  Widow Mine  
  145  11:36  Widow Mine x2  
  142  11:40  SCV x3  
  142  11:42  Marine  
  142  11:43  Marine x3, Marauder  
  142  11:44  Marine x2  
  142  11:52  Medivac  
  142  11:53  Orbital Command  
  142  11:54  Widow Mine, Marine, Marauder  
  123  11:55  Marine, Medivac, Marauder  
  123  11:57  SCV, Marauder  
  123  11:58  SCV  
  123  11:59  SCV  
  124  12:04  Marauder  
  124  12:07  Widow Mine x2  
  119  12:09  SCV  
  119  12:10  SCV  
  119  12:14  Marine x2  
  119  12:15  Marine x2  
  114  12:16  Widow Mine, Marauder x2  
  114  12:18  Marauder  
  114  12:19  SCV  
  114  12:21  SCV  
  114  12:22  SCV  
  115  12:25  Medivac x2  
  115  12:29  Widow Mine x2  
  123  12:31  SCV  
  123  12:34  SCV  
  123  12:35  Marine x2  
  124  12:46  Refinery  
  124  12:51  Marine x5, SCV  
  124  12:52  Marine x5  
  124  12:53  Widow Mine, Marine, SCV x2  
  124  12:55  Medivac x2  
  124  12:56  Widow Mine  
  123  12:59  Marine  
  124  13:05  SCV x3  
  124  13:23  Widow Mine x2, Marine x2  
  124  13:28  Marine x2, Marauder  
  124  13:31  Marine  
  124  13:34  Marauder, Medivac x2  
  124  13:35  Widow Mine, Marine x2  
  124  13:36  Marine x2  
  124  13:38  Marauder  
  124  13:50  Marine  
  124  13:52  Marine, SCV  
  124  14:13  SCV  
  124  14:14  SCV  

Tags
 
Add a new tag
Caveats
  • Supply blocks, unpowered buildings, or Contaminate may cause inaccurate times.
  • Supply counts are checked every 10 seconds.